 Dungeon Crawl Stone Soup version 0.30-a0-371-gad7725a93e (webtiles) character file.

Game seed: 2696548162009536244

191 JOEMAMA2 the Chopper (level 5, 0/47 HPs)
             Began as a Minotaur Berserker on Nov 20, 2022.
             Was a Believer of Trog.
             Slain by an orc
             ... wielding a +3 hand axe
              (3 damage)
             ... on level 5 of the Dungeon.
             The game lasted 00:05:24 (4222 turns).

JOEMAMA2 the Chopper (Minotaur Berserker)           Turns: 4222, Time: 00:05:25

Health: 0/47       AC: 12    Str: 23    XL:     5   Next: 41%
Magic:  0/4        EV:  9    Int:  4    God:    Trog [**....]
Gold:   138        SH:  0    Dex: 10    Spells: 4/4 levels left

rFire   + . .      SeeInvis .    a - +0 hand axe
rCold   . . .      Faith    .    (no shield)
rNeg    . . .      Spirit   +    n - +0 chain mail
rPois   .          Reflect  .    (helmet restricted)
rElec   .          Harm     .    u - +1 cloak
rCorr   .          Rampage  .    m - +0 pair of gloves
Will    .....                    (no boots)
Stlth   ..........               c - amulet of guardian spirit
HPRegen 0.27/turn                k - ring of protection from fire
MPRegen 0.09/turn                (no ring)

@: no status effects
A: horns 2, retaliatory headbutt
a: Renounce Religion, Berserk, Trog's Hand


You were on level 5 of the Dungeon.
You worshipped Trog.
Trog was pleased with you.
You visited 1 branch of the dungeon, and saw 5 of its levels.

You collected 138 gold pieces.

Inventory:

Hand Weapons
 a - a +0 hand axe (weapon)
Armour
 m - a +0 pair of gloves (worn)
 n - a +0 chain mail (worn)
 u - a +1 cloak (worn)
Jewellery
 c - an amulet of guardian spirit (around neck)
 k - a ring of protection from fire (left hand)
Scrolls
 b - a scroll of identify
 d - a scroll of amnesia {unknown}
 r - a scroll of silence
 s - a scroll of magic mapping
 t - a scroll of teleportation
Potions
 f - a potion of invisibility
 g - 3 potions of heal wounds
 i - a potion of magic
 l - a potion of cancellation


   Skills:
 + Level 4.8 Fighting
 + Level 4.8 Axes
 + Level 3.9 Armour
 * Level 3.7 Dodging


You had 4 spell levels left.
You didn't know any spells.
Your spell library was empty.

Dungeon Overview and Level Annotations

Branches:
Dungeon (5/15)             Temple (0/1) D:4

Altars:
Cheibriados
Fedhas
Makhleb
Ru
Trog
Uskayaw
Vehumet
Yredelemnul
Zin
The Shining One


Innate Abilities, Weirdness & Mutations

You have a pair of horns on your head.
You reflexively headbutt those who attack you in melee.


Message History

The orc hits you with a +0 dagger.
You hit the orc but do no damage.
The orc is moderately wounded.
You barely miss the orc. The orc barely misses you.
The orc hits you with a +0 dagger.
You closely miss the orc.
The orc is moderately wounded.
You hit the orc but do no damage. The orc hits you with a +3 hand axe.
The orc hits you but does no damage.
You are too injured to fight recklessly!
You are too injured to fight recklessly!
You closely miss the orc. You barely miss the orc. The orc barely misses you.
The orc hits you with a +0 dagger.
You barely miss the orc. You hit the orc. The orc hits you with a +3 hand axe.
The orc hits you but does no damage.
You closely miss the orc. You hit the orc but do no damage.
The orc barely misses you. The orc hits you but does no damage.
You barely miss the orc. You hit the orc but do no damage.
The orc hits you but does no damage. The orc barely misses you.
You furiously retaliate!
You headbutt the orc!
You kill the orc!
Trog accepts your kill.
Found a stone staircase leading down.
The orc hits you with a +3 hand axe!
* * * LOW HITPOINT WARNING * * *
Things that are here:
a +0 dagger; a +0 flail; an orc corpse You hit the orc but do no damage.
Your headbutt misses the orc.
The orc is heavily wounded.
You are no longer corroded.
The orc hits you with a +3 hand axe.
* * * LOW HITPOINT WARNING * * *
The orc hits you but does no damage.
You hit the orc. You punch the orc.
The orc is severely wounded.
The orc hits you with a +3 hand axe.
* * * LOW HITPOINT WARNING * * *
You barely miss the orc.
The orc is severely wounded.
The orc hits you with a +3 hand axe.
You die...

.... ...#
#..## # .
#...## .#..
#..<.## ....#
#.#..$##....#
# ##..#.....#
##)..##
#o@...#
...........#
..#........#
#.........#
#.........##
...........
#..........#
#..#.#.>....


You could see an orc.

Vanquished Creatures
  A jelly (D:5)
  2 orc wizards (D:4)
  An adder (D:3)
  A white imp (D:4)
  3 worms (D:3)
  5 dart slugs
  9 orcs
  3 ball pythons
  7 bats
  6 endoplasms
  A giant cockroach (D:3)
  5 goblins
  2 hobgoblins (D:1)
  2 jackals (D:1)
  2 quokkas
  2 frilled lizards
  9 kobolds
  4 rats
  A spectral orc (D:4)
66 creatures vanquished.

Notes
Turn   | Place    | Note
-------+----------+-------------------------------------------
     0 | D:1      | JOEMAMA2 the Minotaur Berserker began the quest for the
                  | Orb.
     0 | D:1      | Reached XP level 1. HP: 19/19 MP: 0/0
    84 | D:1      | Reached XP level 2. HP: 11/27 MP: 1/1
  1193 | D:2      | Reached XP level 3. HP: 28/33 MP: 2/2
  1574 | D:2      | Reached ** piety under Trog
  1979 | D:3      | Found a bloodstained altar of Trog.
  2276 | D:3      | Reached XP level 4. HP: 38/41 MP: 3/3
  2490 | D:3      | Found a hide-covered altar of Uskayaw.
  2762 | D:4      | Found a staircase to the Ecumenical Temple.
  2790 | D:4      | Found a sacrificial altar of Ru.
  2933 | D:4      | Found a snail-covered altar of Cheibriados.
  3813 | D:4      | Reached XP level 5. HP: 44/47 MP: 4/4
  3955 | D:4      | Found a basalt altar of Yredelemnul.
  4139 | D:4      | Found a glowing silver altar of Zin.
  4145 | D:4      | Found a radiant altar of Vehumet.
  4148 | D:4      | Found a burning altar of Makhleb.
  4150 | D:4      | Found a glowing golden altar of the Shining One.
  4155 | D:4      | Found a blossoming altar of Fedhas.
  4202 | D:5      | Entered Level 5 of the Dungeon
  4222 | D:5      | Slain by an orc

Illustrated notes

Levels and vault maps discovered:
D:1:      tarquinn_simple_flora_water_c, layout_basic, hangedman_decor_points
D:2:      layout_loops_cross
D:3:      layout_basic, marbit_many_paths, mainiacjoe_overflow_alcove_2,
          minmay_misc_feat_doors
D:4:      layout_gridville, yredelemnul_forgotten_temple_becter,
          pf_just_have_faith, nicolae_overflow_hallway_of_the_gods,
          minmay_temple_entry_antechambers, grunt_decor_junction
D:5:      layout_cave_pools, nicolae_figureground_pulse, uniq_menkaure

Skill      XL: |  1  2  3 |
---------------+----------+-----
Axes           | 4 |  4.8
Fighting       | 4 |  4.8
Armour         | 3 |  3.9
Dodging        | 3 |  3.7

Action                   |  1- 3 |  4- 6 || total
-------------------------+-------+-------++-------
Melee: Hand axe          |   106 |    49 ||   155
       Headbutt          |    15 |    10 ||    25
       Punch             |       |     1 ||     1
  Use: Scroll            |     4 |     3 ||     7
       Potion            |       |     6 ||     6
 Stab: Sleeping          |     1 |       ||     1
Armor: Animal skin       |    19 |       ||    19
       Chain mail        |    16 |    27 ||    43
Dodge: Dodged            |    48 |    19 ||    67

Table legend: (Time is in decaauts)
 A = Elapsed time spent in this place.
 B = Non-inter-level travel time spent in this place.
 C = Inter-level travel time spent in this place.
 D = Time resting spent in this place.
 E = Time spent auto-exploring this place.
 F = Levels seen in this place.
 G = Mean time per level.
                   A        B        C        D        E       F      G
               +--------+--------+--------+--------+--------+-----+--------+
         Total |   4235 |   4004 |    231 |    800 |   2660 |   5 |  847.0 |
       Dungeon |   4235 |   4004 |    231 |    800 |   2660 |   5 |  847.0 |
               +--------+--------+--------+--------+--------+-----+--------+

Top non-repeatable levels by time:
     D:4: 1560 daAuts
     D:1: 963 daAuts
     D:2: 889 daAuts
     D:3: 801 daAuts
     D:5: 20 daAuts
